Map: Blackburn LE

Players

Hellraiser - Winner!

  • Race: Protoss Protoss

Lambo

  • Race: Zerg Zerg

Event: DreamHack SC2 Masters 2021 Fall

VOD

Have the link to the VOD?

Description

Time

  • Played on: July 31, 2021, 10:46 a.m.
  • Length: 11:46

All games in this series

Show
View Real Time Build Order
Export as new Build Order

Hellraiser Protoss - Winner!

Build Orders: Nexus First, Carriers, Carrier Rush 

Get SALT Encoding   

  12  0:00  Probe  
  13  0:12  Probe  
  14  0:19  Pylon  
  14  0:24  Probe  
  15  0:37  Probe  
  17  0:50  Probe  
  17  1:00  Nexus  
  17  1:10  Gateway  
  17  1:13  Probe (Chrono Boost)  
  18  1:23  Assimilator, Probe (Chrono Boost)  
  19  1:28  Probe (Chrono Boost)  
  19  1:30  Assimilator  
  20  1:39  Probe (Chrono Boost)  
  21  1:48  Probe (Chrono Boost)  
  21  1:54  Probe  
  22  1:58  Cybernetics Core  
  22  1:59  Pylon  
  23  2:11  Zealot  
  23  2:12  Probe (Chrono Boost)  
  23  2:13  Probe (Chrono Boost)  
  27  2:22  Probe x2 (Chrono Boost)  
  29  2:26  Probe (Chrono Boost)  
  30  2:33  Probe  
  30  2:35  Stargate  
  31  2:38  Probe  
  31  2:42  Adept  
  34  2:46  Probe  
  34  2:50  Probe  
  36  2:57  Forge  
  36  2:58  Probe  
  37  3:03  Probe (Chrono Boost)  
  38  3:07  Assimilator  
  38  3:10  Probe (Chrono Boost)  
  38  3:12  Void Ray (Chrono Boost)  
  39  3:16  Assimilator  
  41  3:20  Probe x2 (Chrono Boost)  
  41  3:26  Pylon, Probe  
  46  3:34  Pylon  
  46  3:44  Probe x2  
  48  3:49  Protoss Air Weapons Level 1  
  48  3:52  Fleet Beacon  
  48  3:56  Probe  
  48  4:01  Stargate, Probe  
  50  4:08  Probe  
  51  4:13  Probe  
  52  4:19  Nexus  
  52  4:23  Pylon  
  58  4:43  Carrier (Chrono Boost)  
  58  4:48  Carrier (Chrono Boost), Probe  
  58  4:50  Probe  
  66  4:56  Photon Cannon  
  66  4:59  Shield Battery  
  66  5:02  Pylon  
  66  5:03  Probe  
  66  5:05  Probe  
  68  5:15  Pylon, Probe  
  68  5:17  Probe  
  70  5:27  Probe  
  71  5:34  Carrier (Chrono Boost)  
  77  5:39  Probe, Carrier (Chrono Boost)  
  77  5:41  Probe  
  85  5:45  Probe  
  86  5:51  Probe  
  86  5:54  Assimilator  
  86  5:55  Probe  
  88  5:59  Assimilator  
  88  6:00  Pylon, Probe  
  89  6:06  Stargate, Probe  
  89  6:09  Protoss Air Weapons Level 2, Probe  
  91  6:12  Probe  
  91  6:15  Pylon  
  92  6:18  Probe  
  92  6:19  Pylon  
  92  6:21  Probe  
  92  6:22  Void Ray  
  92  6:25  Pylon  
  94  6:28  Void Ray  
  98  6:36  Probe  
  98  6:37  Probe  
  104  6:44  Probe  
  105  6:48  Flux Vanes  
  105  6:55  Probe  
  105  6:58  Nexus  
  106  7:01  Probe x2  
  106  7:03  Pylon  
  106  7:05  Void Ray (Chrono Boost)  
  112  7:10  Void Ray (Chrono Boost)  
  116  7:17  Void Ray (Chrono Boost)  
  116  7:21  Probe  
  116  7:22  Photon Cannon  
  117  7:23  Shield Battery  
  121  7:32  Photon Cannon  
  121  7:33  Shield Battery  
  121  7:35  Shield Battery  
  121  7:39  Pylon  
  133  7:55  Carrier (Chrono Boost)  
  133  7:56  Carrier (Chrono Boost)  
  139  7:59  Carrier (Chrono Boost)  
  139  8:00  Probe x3  
  142  8:07  Assimilator  
  142  8:08  Stargate  
  142  8:14  Probe x2  
  144  8:24  Photon Cannon  
  144  8:30  Probe x3  
  147  8:36  Assimilator, Void Ray (Chrono Boost)  
  147  8:39  Protoss Air Weapons Level 3 (Chrono Boost)  
  147  8:41  Probe  
  154  8:43  Void Ray (Chrono Boost)  
  154  8:44  Carrier (Chrono Boost)  
  154  8:47  Shield Battery  
  158  8:51  Shield Battery  
  158  8:54  Shield Battery  
  160  9:01  Void Ray (Chrono Boost)  
  159  9:13  Void Ray  
  152  9:30  Void Ray  
  143  9:37  Pylon  
  137  9:38  Pylon  
  128  9:47  Pylon  
  127  9:54  Void Ray (Chrono Boost)  
  127  9:55  Probe x2  
  127  9:56  Void Ray (Chrono Boost), Probe  
  127  9:59  Nexus, Void Ray (Chrono Boost)  
  142  10:07  Probe  
  147  10:14  Void Ray (Chrono Boost)  
  147  10:20  Photon Cannon  
  147  10:21  Shield Battery  
  147  10:28  Photon Cannon  
  147  10:30  Zealot  
  147  10:32  Pylon  
  147  10:33  Pylon  
  149  10:45  Void Ray (Chrono Boost)  
  149  10:46  Pylon  
  149  10:50  Void Ray (Chrono Boost)  
  149  10:51  Void Ray x2 (Chrono Boost)  
  149  10:55  Pylon  
  149  10:56  Pylon  
  165  10:58  Pylon  
  162  11:22  Probe x3  
  162  11:25  Assimilator  
  169  11:28  Pylon  
  169  11:29  Probe  
Show
View Real Time Build Order
Export as new Build Order

Lambo Zerg 

Build Orders: Hatch First 

Get SALT Encoding   

  12  0:00  Drone  
  13  0:12  Overlord  
  13  0:16  Drone  
  14  0:32  Drone x2  
  16  0:48  Hatchery  
  15  0:51  Drone  
  15  0:55  Drone  
  17  0:58  Drone  
  18  1:09  Extractor  
  17  1:14  Spawning Pool  
  17  1:18  Drone  
  17  1:21  Drone  
  18  1:28  Drone  
  19  1:42  Drone  
  20  1:53  Overlord  
  20  2:01  Queen x2  
  20  2:02  Zergling x2  
  20  2:03  Zergling x2  
  26  2:11  Drone x2  
  28  2:22  Drone x2  
  30  2:33  Hatchery  
  29  2:38  Pneumatized Carapace  
  29  2:41  Drone  
  29  2:44  Drone  
  31  2:46  Drone  
  32  2:54  Overlord  
  32  2:57  Drone x2  
  34  3:03  Queen  
  36  3:10  Metabolic Boost  
  36  3:13  Drone x2  
  36  3:15  Drone  
  36  3:18  Overlord  
  39  3:22  Drone x2  
  39  3:26  Drone  
  39  3:27  Drone  
  43  3:35  Overlord  
  43  3:36  Queen  
  43  3:41  Queen  
  45  3:45  Drone x2  
  49  3:49  Queen  
  49  3:54  Drone x2  
  53  3:58  Drone  
  53  4:01  Spore Crawler  
  53  4:02  Drone x3  
  56  4:08  Drone  
  56  4:09  Zergling x4  
  59  4:13  Overlord  
  59  4:15  Drone x3  
  62  4:19  Drone  
  62  4:20  Drone x2  
  65  4:24  Drone  
  65  4:27  Overlord  
  65  4:30  Overlord  
  66  4:32  Drone x2  
  66  4:33  Drone  
  66  4:35  Queen  
  71  4:40  Extractor  
  71  4:41  Extractor, Drone x3  
  74  4:47  Lair  
  74  4:50  Drone  
  74  4:51  Drone x4  
  77  4:55  Queen  
  77  4:57  Extractor  
  77  4:58  Extractor  
  77  4:59  Drone  
  78  5:00  Evolution Chamber  
  78  5:02  Extractor  
  78  5:03  Drone x4  
  80  5:08  Drone  
  80  5:09  Drone  
  82  5:17  Spore Crawler  
  82  5:19  Drone  
  81  5:22  Overlord  
  81  5:24  Overlord  
  81  5:26  Zerg Missile Weapons Level 1  
  81  5:30  Overlord  
  81  5:32  Overlord  
  81  5:35  Overlord  
  81  5:40  Queen x2, Drone  
  81  5:41  Drone, Overlord x2  
  81  5:42  Drone x3  
  90  5:43  Drone  
  90  5:47  Roach Warren  
  90  5:48  Drone  
  90  5:51  Zergling x4  
  90  5:52  Zergling x2  
  93  5:57  Spire  
  93  5:58  Drone  
  93  5:59  Drone  
  93  6:03  Spore Crawler  
  93  6:05  Zergling x6  
  96  6:12  Drone x2  
  96  6:13  Queen  
  96  6:17  Overlord  
  96  6:18  Queen  
  102  6:19  Overlord  
  102  6:21  Queen  
  104  6:28  Glial Reconstitution  
  103  6:42  Drone x3  
  103  6:53  Queen x2, Overlord  
  107  6:57  Overlord  
  107  7:07  Roach x4  
  115  7:09  Corruptor x6  
  115  7:11  Corruptor  
  115  7:14  Corruptor  
  131  7:16  Roach  
  131  7:19  Corruptor  
  135  7:23  Corruptor  
  135  7:26  Corruptor  
  139  7:30  Corruptor x2  
  139  7:35  Corruptor  
  145  7:37  Roach  
  145  7:39  Ravager x4  
  145  7:40  Overlord  
  145  7:43  Corruptor  
  153  7:49  Roach x3  
  153  7:51  Roach  
  161  7:55  Overlord x2  
  161  7:58  Overlord  
  161  8:01  Ravager  
  161  8:02  Roach x3  
  161  8:04  Corruptor  
  170  8:09  Overlord  
  170  8:13  Queen  
  170  8:16  Roach  
  170  8:17  Roach x2  
  170  8:18  Ravager  
  170  8:19  Ravager x2  
  181  8:28  Roach x2  
  181  8:29  Ravager x2  
  181  8:32  Hatchery  
  192  8:34  Roach x3  
  187  8:44  Roach x5  
  187  8:47  Ravager  
  193  8:50  Roach x3  
  188  9:03  Corruptor x2  
  188  9:04  Queen x2  
  194  9:11  Corruptor  
  192  9:20  Corruptor x2  
  184  9:25  Corruptor  
  184  9:30  Queen  
  154  9:40  Queen x2  
  138  9:47  Infestation Pit  
  119  9:54  Drone x3  
  119  10:03  Corruptor x2  
  119  10:06  Queen  
  109  10:15  Corruptor  
  109  10:16  Queen  
  109  10:17  Hatchery  
  113  10:27  Hive  
  111  10:30  Pathogen Glands  
  111  10:33  Spore Crawler x2  
  111  10:34  Spore Crawler  
  108  10:38  Drone x6  
  108  10:41  Queen  
  116  10:43  Extractor  
  116  10:44  Extractor  
  116  10:48  Drone x5  
  116  10:49  Drone  
  120  11:00  Spore Crawler, Infestor x3  
  125  11:08  Spore Crawler  
  125  11:09  Spore Crawler  
  125  11:10  Spore Crawler x2  

Tags
 
Add a new tag
Caveats
  • Supply blocks, unpowered buildings, or Contaminate may cause inaccurate times.
  • Supply counts are checked every 10 seconds.